 Dungeon Crawl Stone Soup version 0.29-a0-194-g6e3aafee17 (webtiles) character file.

Game seed: 13525344649889217216

6710 bande the Cleaver (level 11, -1/67 HPs)
             Began as a Gargoyle Fighter on Feb 22, 2022.
             Was a Priest of Okawaru.
             Slain by a centaur simulacrum (4 damage)
             ... on level 9 of the Dungeon.
             The game lasted 00:25:37 (11928 turns).

bande the Cleaver (Gargoyle Fighter)               Turns: 11928, Time: 00:25:38

Health: -1/67      AC: 27    Str: 20    XL:     11   Next: 3%
Magic:  0/14       EV:  9    Int: 15    God:    Okawaru [***...]
Gold:   505        SH: 10    Dex: 13    Spells: 10/10 levels left

rFire   . . .      SeeInvis .   o - +1 broad axe (vamp)
rCold   . . .      Faith    .   J - +0 kite shield
rNeg    + . .      Spirit   +   D - +0 plate armour
rPois   ∞          Reflect  .   g - +2 helmet
rElec   +          Harm     .   r - +0 cloak
rCorr   .          Rampage  .   (no gloves)
Will    .....                   i - +0 pair of boots
Stlth   ..........              s - amulet of guardian spirit
HPRegen 0.21/turn               f - +4 ring of evasion
MPRegen 0.14/turn               w - +6 ring of intelligence

@: about to teleport, slowed, very slow
A: sickness immunity, AC +8, negative energy resistance 1, electricity
resistance, torment resistance 1, petrification resistance
a: Renounce Religion, Heroism


You were on level 9 of the Dungeon.
You worshipped Okawaru.
Okawaru was most pleased with you.
You visited 2 branches of the dungeon, and saw 10 of its levels.
You also visited: Sewer.

You collected 505 gold pieces.

Inventory:

Hand Weapons
 a - a +1 war axe of protection
 o - a +1 vampiric broad axe (weapon)
 K - a +0 morningstar of protection
Missiles
 F - a throwing net (quivered)
Armour
 g - a +2 helmet (worn)
 h - a +0 scale mail of fire resistance
 i - a +0 pair of boots (worn)
 r - a +0 cloak (worn)
 D - a +0 plate armour (worn)
 J - a +0 kite shield (worn)
 L - a +1 hat
Jewellery
 c - a +4 ring of evasion
 f - a +4 ring of evasion (left hand)
 s - an amulet of guardian spirit (around neck)
 w - a +6 ring of intelligence (right hand)
 x - a ring of see invisible
 A - an amulet of reflection
Wands
 m - a wand of iceblast (35)
 v - a wand of polymorph (9)
 B - a wand of flame (8)
 G - a wand of acid (10)
Scrolls
 d - 7 scrolls of teleportation
 e - a scroll of brand weapon
 q - a scroll of fog
 u - a scroll of magic mapping
 y - 3 scrolls of blinking
 I - a scroll of silence
Potions
 b - a potion of curing
 j - 4 potions of brilliance
 k - 3 potions of haste
 l - 2 potions of ambrosia {unknown}
 n - 2 potions of lignification {unknown}
 p - a potion of invisibility {unknown}
 t - 2 potions of heal wounds {unknown}
 z - a potion of cancellation {unknown}
 C - a potion of mutation {unknown}
 E - a potion of magic {unknown}
 H - 2 potions of flight {unknown}


   Skills:
 + Level 7.2 Fighting
 + Level 10.1 Axes
 + Level 7.5 Armour
 - Level 0.2 Stealth
 + Level 6.5 Shields
 * Level 4.8 Invocations
 * Level 5.2 Evocations


You had 10 spell levels left.
You didn't know any spells.
Your spell library contained the following spells:

 Spells                   Type           Power      Damage    Failure   Level
 Gell's Gravitas          Tloc           0%         N/A       100%        3
 Lesser Beckoning         Tloc           0%         N/A       100%        3
 Teleport Other           Tloc           0%         N/A       100%        3


Dungeon Overview and Level Annotations

Branches:
Dungeon (9/15)             Temple (1/1) D:6           Sewer (visited)
   Lair: D:8-11         Orc: D:9-12

Altars:
Ashenzari
Cheibriados
Dithmenos
Elyvilon
Fedhas
Gozag
Hepliaklqana
Kikubaaqudgha
Makhleb
Nemelex Xobeh
Okawaru
Qazlal
Ru
Sif Muna
Trog
Uskayaw
Vehumet
Wu Jian
Xom
Yredelemnul
Zin
The Shining One

Shops:
D:1 *   D:6 (


Innate Abilities, Weirdness & Mutations

You are immune to sickness and miasma.
Your stone body is resilient. (AC +8)
You are immune to poison.
You resist negative energy. (rN+)
You are resistant to electric shocks. (rElec)
You are resistant to unholy torment.
You are immune to petrification.


Message History

You closely miss the freezing wraith.
You block the freezing wraith's attack. x3
The freezing wraith closely misses you.
You slash the freezing wraith!
The freezing wraith is moderately damaged.
You block the freezing wraith's attack. The freezing wraith hits you.
The freezing wraith drains your vigour!
You feel yourself slow down.
You barely miss the freezing wraith.
The freezing wraith is moderately damaged.
You block the freezing wraith's attack. The freezing wraith barely misses you.
You hit the freezing wraith but do no damage.
The freezing wraith is moderately damaged.
You block the freezing wraith's attack. The freezing wraith hits you.
The freezing wraith hits you! The freezing wraith freezes you!!
* * * LOW HITPOINT WARNING * * *
The freezing wraith hits you but does no damage.
You are too injured to fight recklessly!
You are too injured to fight recklessly!
You block the freezing wraith's attack. The freezing wraith barely misses you.
There is an open door here.
The freezing wraith hits you but does no damage.
The freezing wraith hits you!
* * * LOW HITPOINT WARNING * * *
You feel better.
You feel yourself speed up. You block the freezing wraith's attack.
The freezing wraith misses you. The freezing wraith barely misses you.
The freezing wraith hits you!
* * * LOW HITPOINT WARNING * * *
The freezing wraith drains your vigour!
You feel yourself slow down.
The freezing wraith hits you but does no damage.
The freezing wraith hits you.
* * * LOW HITPOINT WARNING * * *
The freezing wraith drains your vigour!
You feel as though you will be slow longer.
Things that are here:
a +0 morningstar; a +0 robe
As you read the scroll of teleportation, it crumbles to dust.
You feel strangely unstable. The centaur simulacrum hits you.
* * * LOW HITPOINT WARNING * * *
The centaur simulacrum freezes you.
You die...

###+#.## ###...#..### ###
###.....#....#### ##.##
#.......#.....#.###...#
#...⌠.○.'.......#(....##
#.......#..............#
###...RZ#..###).......## ##
###.○.#.°.Z)).......####.#
###○#..○W@.<.......#...##
..#...R..........#....#
...#...................#
....#...................#
..../#......#......#.....#
....###....#####.####.....#
....[ ....>.# #..#.##...###
...##.# #..........#.
...........


You could see a freezing wraith, an efreet and a centaur simulacrum.

Vanquished Creatures
  A two-headed ogre (D:8)
  Joseph (D:8)
  A troll (D:8)
  Grinder (D:3)
  4 yaks (D:8)
  Grum (D:8)
  A steam dragon (D:7)
  6 orc warriors
  Pargi (Sewer)
  An ice beast (D:7)
  3 sky beasts
  2 black bears
  The ghost of sirJeffrey23 the Skirmisher, an amateur DsMo (D:3)
  4 centaurs
  4 ogres
  3 wolves
  4 bullfrogs
  2 phantoms (D:6)
  Blork the orc (D:6)
  A wyvern zombie (D:6)
  2 gnoll sergeants
  2 scorpions (D:5)
  A water moccasin zombie (D:3)
  A water moccasin skeleton (D:7)
  A killer bee (D:8)
  5 wights
  5 howler monkeys
  A hound (D:4)
  4 jellies
  6 orc priests
  2 iguanas
  Ijyb (D:3)
  13 orc wizards
  A killer bee zombie (D:8)
  Robin (D:1)
  10 gnolls
  9 adders
  A shadow imp (D:7)
  2 white imps
  An ufetubus (D:5)
  5 worms
  2 dart slugs
  32 orcs
  2 bats
  7 endoplasms
  2 giant cockroaches
  19 goblins
  8 hobgoblins
  2 jackals (D:1)
  4 quokkas
  5 ball pythons
  8 frilled lizards
  6 kobolds
  9 rats
223 creatures vanquished.

Vanquished Creatures (others)
  A gnoll (D:8)
1 creature vanquished.

Grand Total: 224 creatures vanquished

Notes
Turn   | Place    | Note
-------+----------+-------------------------------------------
     0 | D:1      | bande the Gargoyle Fighter began the quest for the Orb.
     0 | D:1      | Reached XP level 1. HP: 14/14 MP: 1/1
   258 | D:1      | Reached XP level 2. HP: 18/19 MP: 2/2
   293 | D:1      | Found Ogeab's Assorted Antiques.
   694 | D:1      | Reached skill level 2 in Axes
   697 | D:1      | Reached XP level 3. HP: 24/24 MP: 3/3
   768 | D:2      | Noticed Robin
   895 | D:1      | Killed Robin
  1248 | D:2      | Reached XP level 4. HP: 29/29 MP: 4/4
  1746 | D:3      | Noticed Grinder
  1753 | D:3      | Paralysed by Grinder for 3 turns
  1763 | D:3      | Paralysed by Grinder for 5 turns
  1769 | D:3      | Killed Grinder
  1770 | D:3      | Reached skill level 4 in Axes
  1770 | D:3      | Reached XP level 5. HP: 16/34 MP: 5/5
  1770 | D:3      | Reached XP level 6. HP: 19/39 MP: 6/6
  1830 | D:3      | Noticed Ijyb
  1839 | D:3      | Killed Ijyb
  1849 | D:3      | Found a glowing drain.
  1858 | Sewer    | Entered a sewer
  2184 | Sewer    | Noticed Pargi
  2231 | Sewer    | Killed Pargi
  2232 | Sewer    | Reached skill level 5 in Axes
  2469 | Sewer    | Reached XP level 7. HP: 44/44 MP: 7/7
  2720 | D:3      | Noticed sirJeffrey23's ghost (amateur DsMo)
  2724 | D:3      | Found a transporter.
  2727 | D:3      | Found a transporter.
  3187 | D:3      | Found a faded altar of an unknown god.
  3399 | D:3      | Identified a scroll of acquirement
  3399 | D:3      | Acquired a +0 vampiric broad axe
  3506 | D:3      | Killed sirJeffrey23's ghost
  4040 | D:4      | Reached skill level 5 in Fighting
  4332 | D:4      | Reached skill level 5 in Armour
  4722 | D:4      | Reached skill level 6 in Axes
  4740 | D:4      | Reached XP level 8. HP: 49/49 MP: 8/8
  5247 | D:5      | Entered Level 5 of the Dungeon
  5265 | D:5      | Reached skill level 1 in Evocations
  5626 | D:5      | Reached skill level 7 in Axes
  5838 | D:5      | Reached skill level 5 in Shields
  5948 | D:6      | You fall into a shaft and drop 1 floor!
  5974 | D:7      | Reached XP level 9. HP: 17/54 MP: 1/9
  6720 | D:6      | Reached skill level 8 in Axes
  6766 | D:6      | Found a staircase to the Ecumenical Temple.
  6794 | Temple   | Entered the Ecumenical Temple
  6908 | Temple   | Became a worshipper of Warmaster Okawaru
  7000 | D:6      | Found Nis Hiq's Weapon Emporium.
  7230 | D:6      | Reached skill level 1 in Invocations
  7409 | D:6      | Found a shimmering blue altar of Sif Muna.
  7905 | D:6      | Reached * piety under Okawaru
  7943 | D:6      | Noticed Blork the orc
  7949 | D:6      | Killed Blork the orc
  8384 | D:7      | Reached XP level 10. HP: 36/61 MP: 2/12
  8387 | D:7      | Reached skill level 9 in Axes
  8879 | D:8      | Noticed Joseph
 10281 | D:8      | Killed Joseph
 10281 | D:8      | Reached ** piety under Okawaru
 10439 | D:8      | Noticed Grum
 10590 | D:8      | Killed Grum
 11640 | D:9      | Noticed a two-headed ogre
 11678 | D:8      | Reached *** piety under Okawaru
 11679 | D:8      | Reached skill level 5 in Evocations
 11689 | D:8      | Killed a two-headed ogre
 11690 | D:8      | Reached skill level 10 in Axes
 11690 | D:8      | Reached XP level 11. HP: 46/67 MP: 8/14
 11928 | D:9      | HP: 3/67 [centaur simulacrum (1)]
 11928 | D:9      | Slain by a centaur simulacrum

Illustrated notes

Levels and vault maps discovered:
D:1:      minmay_arrival_split_and_join, layout_basic, serial_shops, shop
D:2:      layout_rooms, minmay_misc_feat_secret_circle, uniq_robin
D:3:      layout_basic, gammafunk_ghost_arena,
          shapermc_ecumenical_altar_notcrosses, cheibrodos_sewer_entry_drain,
          ebering_dispersal_statue_hall, uniq_grinder, uniq_ijyb
D:4:      minmay_thinvault, layout_cave_pods
D:5:      layout_rooms
D:6:      layout_cave_pods, mainiacjoe_overflow_six_doors_small,
          minmay_temple_entry_overgrown, serial_column_ruins,
          column_ruins_corridor_corner, column_ruins_grid_1,
          column_ruins_grid_1, column_ruins_open_tiny,
          column_ruins_columns_corner, serial_shops, shop,
          hangedman_glass_teeth, uniq_blork_the_orc
D:7:      minmay_skewed_foursquare, layout_basic, minmay_misc_feat_x,
          hangedman_decor_growths
D:8:      layout_rooms, nicolae_benzene_ring, hangedman_decor_clover_reticule,
          wad_dig_loot, uniq_grum, uniq_joseph
D:9:      layout_cave_pools, special_room [special_room_bee],
          nicolae_rejected_hall
Temple:   kilobyte_greek_temple

Skill      XL: |  1  2  3  4  5  6  7  8  9 10 |
---------------+-------------------------------+-----
Axes           | 2 4 5 6 7 8 10 | 10.1
Fighting       | 4 5 6 7 |  7.2
Armour         | 4 5 6 7 |  7.5
Shields        | 4 5 6 |  6.5
Evocations     | 2 3 5 |  5.2
Invocations    | 2 4 |  4.8
Stealth        | |  0.2

Action                   |  1- 3 |  4- 6 |  7- 9 | 10-12 || total
-------------------------+-------+-------+-------+-------++-------
Melee: War axe           |    82 |   145 |    29 |       ||   256
       Broad axe         |       |       |   370 |   272 ||   642
  Use: Scroll            |     3 |     3 |    10 |     1 ||    17
       Potion            |       |     2 |     2 |     1 ||     5
Armor: Scale mail        |    45 |   120 |   153 |       ||   318
       Plate armour      |       |       |   131 |   252 ||   383
Dodge: Dodged            |    46 |   134 |   231 |   166 ||   577
Block: Buckler           |    17 |    42 |   114 |    34 ||   207
       Kite shield       |       |       |       |   120 ||   120

Table legend: (Time is in decaauts)
 A = Elapsed time spent in this place.
 B = Non-inter-level travel time spent in this place.
 C = Inter-level travel time spent in this place.
 D = Time resting spent in this place.
 E = Time spent auto-exploring this place.
 F = Levels seen in this place.
 G = Mean time per level.
                   A        B        C        D        E       F      G
               +--------+--------+--------+--------+--------+-----+--------+
         Total |  12258 |  12037 |    221 |   4436 |   4859 |  11 | 1114.4 |
       Dungeon |  11410 |  11189 |    221 |   3992 |   4669 |   9 | 1267.8 |
        Temple |    166 |    166 |      0 |      0 |     98 |   1 |  166.0 |
         Sewer |    681 |    681 |      0 |    444 |     91 |   1 |  681.0 |
               +--------+--------+--------+--------+--------+-----+--------+

Top non-repeatable levels by time:
     D:7: 3008 daAuts
     D:4: 1739 daAuts
     D:8: 1405 daAuts
     D:6: 1224 daAuts
     D:3: 1208 daAuts
     D:1: 1207 daAuts
     D:5: 830 daAuts
   Sewer: 681 daAuts
     D:2: 596 daAuts
     D:9: 190 daAuts
  Temple: 166 daAuts
